 Dungeon Crawl Stone Soup version 0.17-a0-2147-gfb20a63 (webtiles) character file.

385 wvc the Poker (level 6, -4/46 HPs)
             Began as a Mummy Wanderer on Oct 24, 2015.
             Was an Initiate of Cheibriados.
             Shot with an arrow by a centaur (7 damage)
             ... on level 5 of the Dungeon.
             The game lasted 00:07:32 (3114 turns).

wvc the Poker (Mummy Wanderer)                      Turns: 3114, Time: 00:07:32

Health: -4/46      AC: 13    Str: 19    XL:     6   Next: 48%
Magic:  7/7        EV: 11    Int: 12    God:    Cheibriados [......]
Gold:   140        SH:  0    Dex: 17    Spells: 0 memorised, 7 levels left

rFire  . . .     SeeInvis .     n - +4 spear
rCold  + . .     Clarity  .     v - +4 scale mail {rC+}
rNeg   + + +     SustAt   .     (no shield)
rPois  ∞         Gourm    .     p - +0 helmet
rElec  .         Spirit   .     (no cloak)
rCorr  .         Warding  .     (no gloves)
rMut   .         Stasis   .     c - +1 pair of boots
MR     .....                    (no amulet)
Stlth  +.........               i - +5 ring of dexterity
                                e - ring of fire

@: very slow, not resistant to hostile enchantments, very unstealthy
A: no food or potions, fire vulnerability, cold resistance 1, negative energy
resistance 3, torment resistance, unbreathing
a: Bend Time, Renounce Religion


You were on level 5 of the Dungeon.
You worshipped Cheibriados.
Cheibriados was noncommittal.
You were not hungry.

You visited 2 branches of the dungeon, and saw 6 of its levels.

You collected 140 gold pieces.

Inventory:

Hand Weapons
 n - a +4 spear (weapon)
 u - a +0 trident
Missiles
 j - 20 tomahawks (quivered)
 s - 23 poisoned needles
Armour
 c - a +1 pair of boots (worn)
 f - the +1 robe "Wiamekhiam" {rCorr Str+3}
   (You took it off an orc priest on level 4 of the Dungeon)

   It affects your strength (+3).
   It protects you from acid and corrosion.
 p - a +0 helmet (worn)
 v - a +4 scale mail of cold resistance (worn)
Jewellery
 e - a ring of fire (left hand)
 i - a +5 ring of dexterity (right hand)
 o - an uncursed amulet of faith
 r - an uncursed ring of flight
Scrolls
 a - a scroll of amnesia
 b - a scroll of blinking
 h - a scroll of magic mapping
 k - 2 scrolls of enchant weapon
 m - a scroll of enchant armour
 q - a scroll of immolation
 t - a scroll of recharging
Books
 d - the Handbook of Venom

   Spells                             Type                      Level
   a - Sting                          Conjuration/Poison           1
   b - Spider Form                    Transmutation/Poison         3


   Skills:
 - Level 2.6 Fighting
   Level 1.0(2.7) Axes
 + Level 4.0(4.1) Polearms
 - Level 1.5 Armour
 - Level 2.3 Dodging
 - Level 1.5 Stealth
 - Level 1.0 Spellcasting
   Level 1.5 Transmutations
   Level 1.5 Poison Magic


You had 7 spell levels left.
You didn't know any spells.

Dungeon Overview and Level Annotations

Branches:
Dungeon (5/15)             Temple (1/1) D:4

Altars:
Cheibriados
Dithmenos
Elyvilon
Fedhas
Kikubaaqudgha
Makhleb
Nemelex Xobeh
Okawaru
Sif Muna
Trog
Xom
Yredelemnul
Zin
The Shining One

Annotations:
D:4 endege's ghost, amateur TrFi


Innate Abilities, Weirdness & Mutations

You do not eat or drink.
Your flesh is vulnerable to fire.
You are immune to poison.
Your flesh is cold resistant.
You are immune to negative energy.
You are immune to unholy pain and torment.
You can survive without breathing.


Message History

You are too injured to fight recklessly!
You are too injured to fight recklessly!
Throwing (i - inventory):
j - 20 tomahawks (quivered)
Press: ? - help, Shift-Dir - straight line, f/p - centaur
Aim: a centaur, wielding a shortbow (almost dead)
Okay, then.
Attack whom?
Press: ? - help, Dir - move target cursor, f/p - centaur
Aim: a centaur, wielding a shortbow (almost dead)
You reach to attack!
You barely miss the centaur.
The centaur is almost dead.
The centaur shoots an arrow.
The arrow hits you!
* * * LOW HITPOINT WARNING * * *
Attack whom?
Press: ? - help, Dir - move target cursor, f/p - centaur
Aim: a centaur, wielding a shortbow (almost dead)
You reach to attack!
You hit the centaur.
The centaur is almost dead.
The centaur shoots an arrow.
The arrow hits you!
You die...

.# ....
########.##....
+.c.@((#.......
######(#..#...
#.#....# #
#.#.!..#.#
#......#.##
##........
#..#..#.#
##....#.#
#####....#.#


You could see a centaur.

Vanquished Creatures
  Eustachio (D:4)
  2 orc priests (D:4)
  An orc wizard (D:4)
  Terence (D:2)
  5 adders
  3 oozes
  3 worms
  A giant gecko (Temple)
  12 orcs
  A giant cockroach (D:2)
  4 hobgoblins
  3 kobolds
  4 bats
  9 giant newts
  8 goblins
  3 rats
61 creatures vanquished.

Notes
Turn   | Place    | Note
--------------------------------------------------------------
     0 | D:1      | wvc the Mummy Wanderer began the quest for the Orb.
     0 | D:1      | wvc set off with: a +2 dagger, a scroll of blinking, a +0 ring mail, the Handbook of Venom
     0 | D:1      | Reached XP level 1. HP: 13/13 MP: 2/2
   327 | D:1      | Reached skill level 1 in Fighting
   327 | D:1      | Reached skill level 1 in Dodging
   327 | D:1      | Reached XP level 2. HP: 15/21 MP: 3/3
   705 | D:2      | Reached XP level 3. HP: 17/26 MP: 4/4
  1143 | D:2      | Found a basalt altar of Yredelemnul.
  1143 | D:2      | Found a blossoming altar of Fedhas.
  1200 | D:2      | Reached skill level 2 in Fighting
  1321 | D:3      | Reached XP level 4. HP: 29/34 MP: 5/5
  1632 | D:3      | Noticed Terence
  1932 | D:2      | Killed Terence
  1932 | D:2      | Reached skill level 1 in Polearms
  2381 | D:4      | Reached XP level 5. HP: 13/39 MP: 6/6
  2606 | D:4      | Noticed Eustachio
  2622 | D:4      | Killed Eustachio
  2622 | D:4      | Reached skill level 3 in Polearms
  2622 | D:4      | Reached XP level 6. HP: 41/46 MP: 7/7
  2683 | D:4      | Found a staircase to the Ecumenical Temple.
  2692 | Temple   | Entered the Ecumenical Temple
  2754 | Temple   | Became a worshipper of Cheibriados the Contemplative
  2782 | D:4      | Noticed endege's ghost (amateur TrFi)
  3035 | D:4      | Reached skill level 4 in Polearms
  3041 | D:4      | Got a twisted robe
  3044 | D:4      | Identified the +1 robe "Wiamekhiam" {rCorr Str+3} (You took it off an orc priest on level 4 of the Dungeon)
  3045 | D:4      | Identified the Handbook of Venom
  3055 | D:5      | Entered Level 5 of the Dungeon
  3114 | D:5      | Shot with an arrow by a centaur

Vault maps used:
D:1:      lightli_arrival_isolated_outpost, serial_glass, glass_columns_c,
          glass_columns_b, supply_closet_lemuel
D:2:      gammafunk_temple_overflow_pools, minmay_newt_pond
D:3:      first_bread, uniq_terence
D:4:      lemuel_doored_altar, minmay_temple_entry_large_hall, uniq_eustachio,
          uniq_grinder
D:5:      nicolae_overflow_hidden_temple, grunt_gozag_breadcrumbs, serial_shops,
          nicolae_shop_statue_plus, minmay_misc_feat_secret_circle,
          lemuel_tele_altar, uniq_blork_the_orc
Temple:   eino_temple_water_12

Action                   |  1- 3 |  4- 6 || total
-------------------------+-------+-------++-------
Melee: Short sword       |    30 |       ||    30
       Dagger            |     2 |       ||     2
       Spear             |    59 |   167 ||   226
  Use: Scroll            |       |    11 ||    11
 Stab: Sleeping          |     1 |       ||     1
